 Dungeon Crawl Stone Soup version 0.14.0-12-g87ee3b7 (webtiles) character file.

171 Leibowitz the Ducker (level 4, -3/35 HPs)
             Began as a Merfolk Gladiator on Apr 16, 2014.
             Succumbed to an orc wizard's poison
             ... on Level 3 of the Dungeon.
             The game lasted 00:06:19 (1622 turns).

Leibowitz the Ducker (Merfolk Gladiator)            Turns: 1622, Time: 00:06:19

HP  -3/35        AC  8     Str 15      XL: 4   Next: 56%
MP   4/4         EV 14     Int  7      God:
Gold 81          SH  0     Dex 15      Spells:  0 memorised,  3 levels left

rFire  . . .     SeeInvis .     a - +0 trident
rCold  . . .     Clarity  .     b - +0 leather armour
rNeg   . . .     Conserve .     (no shield)
rPois  .         rCorr    .     c - +0 helmet
rElec  .         rRot     .     x - +0 cloak
SustAb . .       Spirit   .     (no gloves)
rMut   .         Warding  .     (no boots)
Saprov . . .     Stasis   .     (no amulet)
MR     .....                    (no ring)
                                e - +3 ring of protection

@: lethally poisoned, hasted, very quick, not resistant to hostile enchantments,
unstealthy
A: change form in water, swift swim
a: no special abilities


You were on level 3 of the Dungeon.
You were hungry.

You visited 1 branch of the dungeon, and saw 3 of its levels.

You collected 81 gold pieces.

Inventory:

Hand weapons
 a - a +0,+0 trident (weapon)
Missiles
 d - 3 throwing nets (quivered)
Armour
 b - a +0 leather armour (worn)
 c - a +0 helmet (worn)
 x - a +0 cloak (worn)
Comestibles
 f - 4 bread rations
 h - 2 meat rations
 i - a cheese
 t - an apple
 w - a rotting chunk of bat flesh
 z - 2 chunks of hound flesh
Scrolls
 g - 3 scrolls of identify {unknown}
 j - a scroll of immolation {unknown}
 m - 2 scrolls of recharging {unknown}
 n - 2 scrolls of enchant armour {unknown}
 q - 2 scrolls of enchant weapon I {unknown}
 r - 2 scrolls of random uselessness {unknown}
 s - 2 scrolls of remove curse {unknown}
 u - 2 scrolls of fear {unknown}
 v - a scroll of noise {unknown}
Jewellery
 e - a +3 ring of protection (left hand)
 o - a cursed ring of hunger {unknown}
Potions
 k - a potion of heal wounds {unknown}
 l - a potion of restore abilities
 p - a potion of degeneration {unknown}


   Skills:
 * Level 3.1 Fighting
 + Level 4.8 Polearms
 + Level 2.2 Throwing
 + Level 0.1 Armour
 * Level 5.7 Dodging
 + Level 0.2 Stealth


You had 3 spell levels left.
You didn't know any spells.

Dungeon Overview and Level Annotations

Branches:
Dungeon (3/15)

Altars:
Zin


Message History

You hit something.
* * * LOW HITPOINT WARNING * * *
You feel very sick. Something hits you but does no damage.
You are more poisoned.
Drink which item? (? for menu, Esc to quit)
You feel refreshed.
It was a potion of restore abilities.
* * * LOW HITPOINT WARNING * * *
You feel very sick. Something hits you but does no damage.
You are more poisoned.
Drink which item? (? for menu, Esc to quit)
It has a very clean taste.
It was a potion of cure mutation.
* * * LOW HITPOINT WARNING * * *
You feel very sick.
You hear some strange, mumbled words.
The puff of flame misses you.
Drink which item? (? for menu, Esc to quit)
You feel yourself speed up.
It was a potion of haste.
You die...

#.# #.# #.# #####
#.# ##...## #.#
##.....## #.#
####.......# #.#
#......_...#
###.####.##.....@$#
o.....o...##....)##
#############...##
#####


There were no monsters in sight!

Vanquished Creatures
  A hound (D:3)
  2 giant geckos
  An ooze (D:1)
  3 orcs (D:3)
  A giant cockroach (D:1)
  5 goblins
  7 hobgoblins
  4 jackals (D:1)
  3 kobolds
  A quokka (D:3)
  9 bats
  6 giant newts
  8 rats
  A plant (D:1)
52 creatures vanquished.

Notes
Turn   | Place    | Note
--------------------------------------------------------------
     0 | D:1      | Leibowitz, the Merfolk Gladiator, began the quest for the Orb.
     0 | D:1      | Reached XP level 1. HP: 16/16 MP: 1/1
   127 | D:1      | Reached XP level 2. HP: 19/22 MP: 2/2
   481 | D:1      | Reached XP level 3. HP: 28/28 MP: 3/3
  1007 | D:2      | Reached skill level 5 in Dodging
  1424 | D:3      | Reached XP level 4. HP: 25/35 MP: 4/4
  1591 | D:3      | Found a glowing silver altar of Zin.
  1621 | D:3      | HP: 1/35 [poisoned by an orc wizard]
  1622 | D:3      | Succumbed to an orc wizard's poison

Action                   |  1- 3 |  4- 6 || total
-------------------------+-------+-------++-------
Melee: Trident           |   201 |    45 ||   246
  Use: Potion            |       |     3 ||     3
 Stab: Sleeping          |     1 |       ||     1
